Map: Catalyst LE

Players

Optimus - Winner!

  • Race: Terran Terran
  • Spawn Location: 5:00

Light

  • Race: Protoss Protoss
  • Spawn Location: 11:00

Event: WCS Leipzig 2018

VOD

Have the link to the VOD?

Description

Time

  • Played on: Jan. 26, 2018, 7:46 a.m.
  • Length: 15:16

All games in this series

Show
View Real Time Build Order
Export as new Build Order

Optimus Terran - Winner!

Build Orders: Gas First Reaper Expand, Liberator Opening, Reaper Expand, MMM Bio 

Get SALT Encoding   

  12  0:00  SCV  
  13  0:12  SCV  
  14  0:17  Supply Depot  
  14  0:25  SCV  
  15  0:29  Refinery  
  15  0:39  SCV  
  16  0:45  Barracks  
  16  0:51  SCV  
  17  1:03  SCV  
  18  1:15  SCV  
  19  1:32  Orbital Command, Reaper  
  20  1:45  Command Center  
  20  1:58  Factory  
  20  1:59  SCV  
  21  2:06  Barracks Reactor  
  21  2:08  Supply Depot  
  21  2:12  SCV  
  22  2:19  Refinery  
  22  2:24  SCV  
  23  2:36  SCV  
  24  2:44  Marine x2  
  24  2:46  Starport  
  24  2:48  SCV  
  24  2:50  Widow Mine  
  29  2:57  Orbital Command  
  29  3:00  SCV  
  29  3:02  Marine x2  
  32  3:12  SCV  
  33  3:14  Widow Mine  
  35  3:24  SCV x2  
  35  3:26  Medivac  
  38  3:28  Marine x2  
  40  3:35  Supply Depot  
  40  3:36  SCV x2, Widow Mine  
  44  3:42  Liberator  
  44  3:46  Marine x2  
  46  3:57  Barracks  
  46  4:00  Factory Tech Lab  
  46  4:02  SCV x2  
  51  4:05  Supply Depot  
  51  4:09  Barracks  
  51  4:13  Barracks Tech Lab  
  51  4:14  Engineering Bay  
  51  4:16  SCV  
  52  4:19  SCV  
  53  4:27  Supply Depot, Siege Tank  
  53  4:28  SCV  
  57  4:33  Marine  
  57  4:36  Refinery  
  57  4:38  Stimpack  
  58  4:39  SCV  
  59  4:48  Barracks Tech Lab  
  59  4:52  Starport Reactor  
  59  4:56  SCV  
  58  5:02  Barracks  
  58  5:03  SCV  
  58  5:04  Barracks  
  58  5:05  Refinery  
  57  5:07  Supply Depot, Terran Infantry Weapons Level 1  
  57  5:08  SCV  
  57  5:12  Marine x2  
  60  5:15  SCV  
  60  5:20  Factory Reactor  
  60  5:21  Marauder  
  63  5:27  SCV x2  
  65  5:30  Supply Depot  
  65  5:34  Marine x2  
  67  5:39  SCV  
  67  5:40  Medivac  
  67  5:41  Medivac  
  67  5:44  SCV  
  66  5:50  Barracks Reactor  
  66  5:51  SCV, Barracks Tech Lab  
  66  5:52  Marine x2  
  69  5:57  Supply Depot  
  69  6:00  Marauder x2  
  69  6:01  Combat Shields  
  73  6:05  Widow Mine  
  73  6:06  Widow Mine  
  73  6:09  Supply Depot  
  73  6:10  SCV  
  78  6:15  Marauder  
  78  6:17  Marine  
  78  6:18  Marine  
  82  6:22  Marauder  
  82  6:27  Marauder  
  82  6:29  SCV x2  
  82  6:30  Marine x2  
  88  6:36  Widow Mine, Marauder  
  88  6:39  Concussive Shells  
  89  6:42  Widow Mine, Marine x2  
  89  6:43  Marauder  
  93  6:47  Medivac x2  
  93  6:48  Marauder  
  93  6:52  Marine  
  93  6:53  Marine  
  101  7:04  Marine, Terran Infantry Armor Level 1  
  102  7:12  Supply Depot  
  102  7:27  Liberator x2  
  102  7:33  Marine x2  
  102  7:34  Command Center, Marauder x3  
  110  7:42  Supply Depot  
  110  7:44  Marine x2  
  118  7:52  Widow Mine, Supply Depot  
  118  7:53  Widow Mine  
  118  7:55  Marauder  
  118  7:56  Marauder  
  118  7:57  Marauder  
  116  8:01  Marine x2  
  111  8:13  Widow Mine  
  111  8:15  Widow Mine  
  111  8:16  Marauder  
  111  8:18  Marine x2, Marauder  
  111  8:19  Marauder  
  120  8:23  Marine  
  121  8:27  Medivac x2  
  124  8:35  Marine  
  124  8:36  Marine  
  124  8:37  Supply Depot  
  124  8:38  Marauder  
  124  8:39  Marauder  
  124  8:40  Marauder  
  132  8:50  Armory, Engineering Bay  
  132  8:55  Orbital Command  
  132  8:59  Marauder  
  132  9:00  Marine x2  
  132  9:01  Marine x2  
  138  9:11  Medivac x2  
  138  9:16  SCV x2  
  144  9:20  Marine x2  
  144  9:22  SCV  
  137  9:28  SCV  
  137  9:29  Marauder  
  131  9:42  Terran Infantry Weapons Level 2, Terran Infantry Armor Level 2  
  131  9:44  Marauder x2, Marine x3  
  131  9:45  Marine  
  139  9:51  Supply Depot  
  134  10:00  Marauder  
  134  10:02  Marine x3  
  134  10:04  Liberator  
  139  10:07  Refinery, Starport  
  139  10:08  Fusion Core  
  139  10:09  Marine x2  
  139  10:10  Liberator  
  141  10:17  Marauder  
  141  10:22  Marauder  
  138  10:44  Marine x2, Marauder x2  
  138  10:48  Starport Tech Lab  
  138  10:49  Liberator  
  137  10:52  Liberator, Missile Turret  
  137  10:56  Marauder  
  139  11:00  Supply Depot  
  139  11:03  Marine x4  
  143  11:06  Advanced Ballistics  
  143  11:11  Marauder  
  149  11:14  Marauder  
  149  11:17  Marauder  
  152  11:20  SCV x2, Supply Depot, Marine x2  
  152  11:21  Marine  
  152  11:22  Supply Depot  
  157  11:32  Marauder  
  158  11:35  Marauder  
  158  11:36  Widow Mine x2  
  158  11:38  Marauder  
  166  11:40  Liberator x3  
  166  11:41  Marine x3  
  166  11:42  Marine  
  170  11:53  Marauder  
  171  12:00  Marauder  
  179  12:04  Marauder  
  181  12:10  Marine x2  
  181  12:13  Supply Depot  
  181  12:15  Marauder  
  185  12:25  Command Center  
  185  12:29  Terran Ship Weapons Level 1  
  164  12:40  Medivac  
  164  12:44  Refinery, Medivac  
  159  12:45  Marine x3  
  159  12:47  Marine  
  148  13:06  Marine x4  
  148  13:08  Marauder x2  
  148  13:12  Marauder  
  155  13:15  Medivac  
  157  13:21  Liberator x2  
  157  13:23  Widow Mine x2  
  161  13:36  Liberator  
  167  13:42  Refinery  
  167  13:55  Marauder x2, Marine x2  
  172  14:04  Liberator x2  
  172  14:11  Marine x2, Marauder  
  172  14:13  Marine  
  172  14:16  Marauder  
  181  14:25  Marauder  
  181  14:26  Marine  
  181  14:29  Marine  
  181  14:30  Planetary Fortress  
  185  14:33  Marauder  
  185  14:34  Marine x2  
  185  14:37  Marauder  
  189  14:46  Marauder  
  169  14:54  Marauder  
Show
View Real Time Build Order
Export as new Build Order

Light Protoss 

Build Orders: 1 Gate Expand, Blink Stalkers 

Get SALT Encoding   

  12  0:00  Probe  
  13  0:12  Probe  
  14  0:17  Pylon  
  14  0:24  Probe (Chrono Boost)  
  15  0:36  Probe (Chrono Boost)  
  15  0:39  Gateway  
  16  0:44  Probe (Chrono Boost)  
  16  0:48  Assimilator  
  17  0:51  Probe  
  18  1:03  Probe  
  19  1:15  Probe  
  20  1:29  Nexus  
  20  1:32  Probe  
  21  1:43  Cybernetics Core  
  21  1:47  Probe  
  22  1:54  Pylon  
  22  2:00  Assimilator  
  22  2:04  Probe (Chrono Boost)  
  24  2:16  Probe (Chrono Boost), Stalker (Chrono Boost)  
  24  2:20  Warp Gate  
  26  2:23  Probe (Chrono Boost)  
  27  2:30  Probe  
  27  2:36  Twilight Council  
  27  2:46  Probe (Chrono Boost)  
  27  2:49  Probe (Chrono Boost)  
  29  2:57  Stalker  
  32  2:58  Probe (Chrono Boost)  
  32  3:02  Probe (Chrono Boost)  
  32  3:03  Probe (Chrono Boost)  
  34  3:08  Blink (Chrono Boost)  
  34  3:10  Probe  
  35  3:13  Pylon  
  35  3:19  Probe  
  36  3:24  Probe  
  37  3:29  Stalker  
  37  3:31  Probe  
  40  3:39  Gateway  
  40  3:43  Probe x2  
  42  3:51  Gateway  
  42  3:53  Pylon  
  42  3:58  Probe  
  42  3:59  Probe  
  44  4:07  Robotics Facility  
  44  4:11  Probe  
  44  4:13  Probe  
  46  4:21  Assimilator  
  46  4:23  Probe  
  47  4:25  Probe  
  47  4:27  Stalker  
  50  4:33  Stalker  
  50  4:35  Probe  
  50  4:37  Probe  
  53  4:47  Probe  
  54  4:55  Probe  
  54  4:59  Probe  
  53  5:03  Stalker  
  53  5:04  Stalker  
  57  5:07  Probe  
  57  5:11  Charge (Chrono Boost)  
  57  5:12  Probe  
  59  5:19  Probe, Nexus  
  60  5:22  Stalker  
  60  5:38  Probe  
  60  5:40  Probe  
  59  5:49  Stalker x2  
  62  5:52  Pylon  
  62  5:53  Pylon  
  62  5:56  Pylon  
  62  5:58  Assimilator  
  62  6:02  Forge  
  62  6:08  Observer (Chrono Boost)  
  62  6:10  Probe x2, Gateway  
  62  6:11  Gateway  
  65  6:14  Gateway  
  64  6:22  Probe  
  64  6:23  Stalker  
  67  6:27  Zealot x2  
  67  6:29  Probe, Observer (Chrono Boost)  
  71  6:34  Probe  
  72  6:41  Probe  
  72  6:46  Observer (Chrono Boost), Probe  
  75  6:47  Stalker x2  
  75  6:51  Stalker, Protoss Ground Armor Level 1 (Chrono Boost)  
  75  6:53  Probe  
  82  6:58  Probe x2  
  84  7:02  Observer  
  84  7:07  Pylon  
  86  7:14  Zealot  
  86  7:15  Zealot x4  
  96  7:18  Zealot  
  96  7:31  Pylon  
  96  7:32  Probe x3  
  96  7:33  Pylon  
  99  7:38  Stalker x3  
  99  7:42  Zealot  
  107  7:44  Sentry  
  109  7:52  Stalker  
  107  8:01  Stalker  
  107  8:02  Zealot x2  
  107  8:03  Stalker  
  111  8:10  Stalker  
  101  8:18  Zealot  
  87  8:24  Zealot x2  
  87  8:28  Probe x2  
  87  8:30  Pylon  
  87  8:31  Zealot  
  91  8:35  Probe  
  91  8:36  Gateway  
  91  8:38  Robotics Facility  
  91  8:39  Robotics Bay  
  91  8:41  Zealot  
  94  8:44  Gateway  
  94  8:45  Zealot x2  
  94  8:48  Gateway  
  98  8:53  Zealot x2  
  102  9:07  Zealot  
  102  9:08  Zealot x3  
  108  9:30  Extended Thermal Lance (Chrono Boost)  
  108  9:32  Pylon  
  108  9:34  Pylon  
  108  9:36  Pylon  
  107  9:48  Pylon  
  107  9:51  Colossus (Chrono Boost)  
  107  9:54  Colossus (Chrono Boost)  
  115  10:02  Nexus  
  115  10:04  Pylon  
  115  10:12  Stalker x3  
  120  10:23  Zealot x3  
  120  10:24  Zealot x3  
  127  10:29  Protoss Ground Armor Level 2  
  127  10:32  Pylon  
  114  10:50  Pylon  
  114  10:52  Pylon  
  114  11:07  Colossus (Chrono Boost)  
  114  11:10  Colossus (Chrono Boost)  
  126  11:13  Pylon  
  126  11:17  Observer  
  126  11:19  Zealot  
  126  11:20  Zealot x2  
  126  11:24  Sentry  
  134  11:34  Stalker x2  
  138  11:41  Stalker  
  140  11:52  Observer  
  136  12:01  Nexus  
  136  12:12  Zealot x3  
  142  12:21  Pylon  
  142  12:26  Templar Archives  
  124  12:41  Zealot x2  
  124  12:43  Psionic Storm  
  102  13:09  High Templar x6  
  112  13:15  Assimilator  
  112  13:19  Assimilator  
  112  13:22  Zealot x2  
  112  13:24  Zealot  
  114  13:48  Stalker x2  
  116  13:57  Nexus  
  116  13:59  Stalker  
  116  14:02  Stalker  
  112  14:27  Stalker x3  
  93  14:59  Stalker x4  
  71  15:02  Stalker  
Tags
 
Add a new tag
Caveats
  • Supply blocks, unpowered buildings, or Contaminate may cause inaccurate times.
  • Supply counts are checked every 10 seconds.